 Dungeon Crawl Stone Soup version 0.19.1-1-g22dce08 (webtiles) character file.

350 MovingMist the Skirmisher (level 6, -2/39 HPs)
             Began as a Gargoyle Fighter on Jan 19, 2017.
             Slain by a white imp (5 damage)
             ... summoned by Eustachio
             ... on level 4 of the Dungeon.
             The game lasted 00:11:01 (3591 turns).

MovingMist the Skirmisher (Gargoyle Fighter)        Turns: 3591, Time: 00:11:01

Health: -2/39      AC: 14    Str: 23 (24) XL:     6   Next: 60%
Magic:  6/6        EV: 12    Int:  7 (9)  God:
Gold:   276        SH:  9    Dex: 13 (16) Spells: 0 memorised, 5 levels left

rFire  . . .     SeeInvis .     a - +0 flail
rCold  . . .     Gourm    .     m - +0 chain mail
rNeg   + . .     Faith    +     c - +0 shield
rPois  ∞         Spirit   .     (no helmet)
rElec  +         Reflect  .     (no cloak)
rCorr  .         Harm     .     s - +0 pair of gloves
MR     .....                    (no boots)
Stlth  ..........               z - amulet of faith
                                (no ring)
                                (no ring)

@: mighty, agile
A: negative energy resistance 1, electricity resistance, unbreathing,
petrification resistance, rot immunity, AC +4
a: no special abilities


You were on level 4 of the Dungeon.
You were hungry.

You visited 1 branch of the dungeon, and saw 4 of its levels.

You collected 276 gold pieces.

Inventory:

Hand Weapons
 a - a +0 flail (weapon)
Armour
 c - a +0 shield (worn)
 m - a +0 chain mail (worn)
 s - a +0 pair of gloves (worn)
Jewellery
 z - an amulet of faith (around neck)
Wands
 y - a wand of disintegration (15/24)
Scrolls
 e - 3 scrolls of identify {unknown}
 k - 2 scrolls of amnesia {unknown}
 l - 2 scrolls of teleportation {unknown}
 n - 2 scrolls of magic mapping {unknown}
 o - 2 scrolls of blinking {unknown}
 r - a scroll of enchant weapon {unknown}
 v - a scroll of remove curse {unknown}
 w - a scroll of random uselessness {unknown}
Potions
 b - a potion of agility
 d - 2 potions of might
 h - a potion of haste {unknown}
 p - a potion of heal wounds {unknown}
 q - 3 potions of curing {unknown}
 u - a potion of magic {unknown}
Comestibles
 f - a bread ration
 i - 3 fruits
 j - 2 beef jerkies
 t - a royal jelly


   Skills:
 + Level 4.6 Fighting
 + Level 3.9 Maces & Flails
 - Level 3.2 Armour
 * Level 3.6 Dodging
 - Level 3.2 Shields


You had 5 spell levels left.
You didn't know any spells.

Dungeon Overview and Level Annotations

Branches:
Dungeon (4/15)
 Temple: D:4-7

Altars:
Fedhas
Sif Muna
Vehumet

Annotations:
D:2 Sigmund
D:4 Eustachio


Innate Abilities, Weirdness & Mutations

You are resistant to torment.
Your stone body is resilient. (AC +4)
You are immune to poison.
You resist negative energy. (rN+)
You are resistant to electric shocks. (rElec)
You can survive without breathing.
You are immune to petrification.
You are immune to rotting.


Message History

The white imp hits you.
* * * LOW HITPOINT WARNING * * *
The white imp freezes you.
* * * LOW HITPOINT WARNING * * *
The quokka bites you.
* * * LOW HITPOINT WARNING * * *
It was a potion of agility.
You feel agile all of a sudden. The bat hits you but does no damage.
You block the quokka's attack.
The white imp hits you but does no damage. x2
It was a potion of degeneration.
There was something very wrong with that liquid.
You feel weakened.
You feel dopey.
You feel clumsy. You block the bat's attack.
The bat hits you but does no damage.
The quokka bites you but does no damage.
The white imp hits you but does no damage.
The white imp hits you.
* * * LOW HITPOINT WARNING * * *
The white imp freezes you.
You die...

. #. #.#
....##.##########.####
.........)..##.......#
........)##.##.#######
...########.##.## #
#######.##..#
............#
#######.##5b# #.#bb@#
#.#.5r# #.#..5#
#.#..@# .......
#.#.### .... ####(


You could see Eustachio, 2 white imps, an ufetubus, a quokka and 3 bats.

Vanquished Creatures
  A phantom (D:3)
  A crimson imp (D:3)
  A worker ant (D:4)
  2 orc wizards
  4 gnolls (D:2)
  2 adders
  2 oozes
  2 worms
  3 dart slugs
  2 leopard geckos
  8 orcs
  12 bats
  3 giant cockroaches
  6 goblins
  8 hobgoblins
  3 jackals (D:2)
  A quokka (D:2)
  2 frilled lizards
  2 kobolds (D:1)
  8 rats
73 creatures vanquished.

Notes
Turn   | Place    | Note
-------+----------+-------------------------------------------
     0 | D:1      | MovingMist the Gargoyle Fighter began the quest for the Orb.
     0 | D:1      | Reached XP level 1. HP: 14/14 MP: 1/1
   197 | D:1      | Reached XP level 2. HP: 19/19 MP: 2/2
   246 | D:1      | Reached skill level 1 in Dodging
   895 | D:2      | Reached XP level 3. HP: 15/23 MP: 3/3
  1320 | D:2      | Reached XP level 4. HP: 20/29 MP: 4/4
  1693 | D:2      | Found a faded altar of an unknown god.
  1708 | D:2      | Became a worshipper of Sif Muna the Loreminder
  1708 | D:2      | Reached * piety under Sif Muna
  1779 | D:2      | Found a radiant altar of Vehumet.
  2033 | D:2      | Noticed Sigmund
  2302 | D:2      | Reached skill level 4 in Fighting
  2699 | D:3      | Reached XP level 5. HP: 31/33 MP: 5/5
  2876 | D:3      | Noticed a phantom
  2877 | D:3      | Found a blossoming altar of Fedhas.
  2915 | D:3      | Killed a phantom
  2915 | D:3      | Reached XP level 6. HP: 16/39 MP: 6/6
  3203 | D:4      | Fell from the grace of Sif Muna
  3421 | D:4      | Noticed Eustachio
  3591 | D:4      | Slain by a white imp

Skill      XL: |  1  2  3  4  5 |
---------------+----------------+-----
Dodging        | 1 2 3 |  3.6
Fighting       | 4 |  4.6
Maces & Flails | 3 |  3.9
Armour         | |  3.2
Shields        | |  3.2

Action                   |  1- 3 |  4- 6 || total
-------------------------+-------+-------++-------
Melee: Flail             |    81 |   381 ||   462
Invok: Renounce Religion |       |     1 ||     1
  Use: Potion            |       |     3 ||     3
  Eat: Chunk             |     1 |     8 ||     9
Armor: Scale mail        |    16 |       ||    16
       Chain mail        |    54 |   335 ||   389
Dodge: Dodged            |    39 |   135 ||   174
Block: Shield            |    82 |   252 ||   334
